 Dungeon Crawl Stone Soup version 0.23.2-40-g277498a001 (webtiles) character file.

Game seed: 15500538581362369636

117429 Emblim88 the Brawler (level 16, -4/165 HPs)
             Began as a Troll Berserker on Oct 15, 2019.
             Was the Champion of Trog.
             Slain by a wolf spider (24 damage)
             ... on level 2 of the Spider Nest on Oct 16, 2019.
             The game lasted 02:00:52 (24773 turns).

Emblim88 the Brawler (Troll Berserker)             Turns: 24773, Time: 02:00:53

Health: -4/165     AC: 20    Str: 36    XL:     16   Next: 23%
Magic:  20/20      EV: 20    Int:  4    God:    Trog [******]
Gold:   1706       SH:  0    Dex: 10    Spells: 15/15 levels left

rFire    . . .     SeeInvis .     - Unarmed
rCold    + . .     Gourm    +   (no shield)
rNeg     + . .     Faith    .   M - +5 robe of Misfortune {*Contam Harm *Corrode *Drain *Slow EV+5}
rPois    +         Spirit   .   U - +2 hat
rElec    +         Reflect  .   m - +0 cloak
rCorr    .         Harm     +   (gloves unavailable)
MR       +....                  (boots unavailable)
Stlth    ++++......             k - amulet "Abludenat" {*Contam rElec Regen+ Str+4}
HPRegen  1.17/turn              D - ring "Yhazo" {rC+ rN+ Slay+3}
MPRegen  0.17/turn              W - ring of poison resistance

@: lethally poisoned (-4 -> -6)
A: large, unfitting armour, claws 3, molten scales 1, slimy green scales 1,
yellow scales 1, fast metabolism 3, gourmand, regeneration 1, shaggy fur 1,
tough skin 3
a: Berserk, Trog's Hand, Brothers in Arms, Renounce Religion


You were on level 2 of the Spider Nest.
You worshipped Trog.
Trog was exalted by your worship.
You were very full.

You visited 5 branches of the dungeon, and saw 26 of its levels.

You collected 2726 gold pieces.
You spent 1020 gold pieces at shops.

Inventory:

Hand Weapons
 H - a +7 longbow of velocity
 Q - a +9 antimagic giant spiked club
 X - the +5 scythe "Finisher" {speed, eviscerate}
   (You found it on level 14 of the Dungeon)

   Attacks with this weapon are significantly faster.
Missiles
 y - 6 throwing nets (quivered)
 E - 378 arrows
Armour
 m - a +0 cloak (worn)
 M - the +5 robe of Misfortune (worn) {*Contam Harm *Corrode *Drain *Slow EV+5}
   (You found it on level 11 of the Dungeon)

   It affects your evasion (+5).
   It causes magical contamination when unequipped.
   It may corrode you when you take damage.
   It causes draining when unequipped.
   It may slow you when you take damage.
   It increases damage dealt and taken.
 U - a +2 hat (worn)
Jewellery
 a - the ring of Utitt {rC+ Dex+4 Stlth+}
   (You acquired it on level 5 of the Lair of Beasts)

   [ring of protection from cold]

   It affects your dexterity (+4).
   It protects you from cold.
   It makes you more stealthy.
 k - the amulet "Abludenat" (around neck) {*Contam rElec Regen+ Str+4}
   (You bought it in a shop on level 2 of the Orcish Mines)

   [amulet of regeneration]

   It affects your strength (+4).
   It insulates you from electricity.
   It causes magical contamination when unequipped.
   It increases your rate of regeneration.
 p - an uncursed amulet of harm
 s - a +3 ring of protection
 t - the ring of Xom's Bemusement {+Fly Dex+3 SInv}
   (You found it on level 6 of the Lair of Beasts)

   [ring of flight]

   It affects your dexterity (+3).
   It lets you see invisible.
   It lets you fly.
 z - an uncursed ring of protection from magic
 D - the ring "Yhazo" (left claw) {rC+ rN+ Slay+3}
   (You found it on level 13 of the Dungeon)

   [ring of slaying]

   It affects your accuracy and damage with ranged weapons and melee attacks
   (+3).
   It protects you from cold.
   It protects you from negative energy.
 J - an uncursed ring of protection from magic
 N - an uncursed ring of poison resistance
 R - a +3 amulet of reflection
 W - a ring of poison resistance (right claw)
Wands
 j - a wand of flame (15)
 v - a wand of polymorph (20)
 x - a wand of digging (14)
 B - a wand of paralysis (3)
 C - a wand of disintegration (13)
 G - a wand of scattershot (1)
 I - a wand of enslavement (7)
 T - a wand of random effects (95)
 V - a wand of acid (8)
Scrolls
 c - 2 scrolls of fear
 f - 5 scrolls of enchant armour
 g - 8 scrolls of remove curse
 i - 2 scrolls of silence
 n - 7 scrolls of teleportation
 q - 3 scrolls of fog
 w - a scroll of summoning {unknown}
 F - 2 scrolls of blinking
 P - 3 scrolls of enchant weapon
Potions
 d - a potion of agility
 e - 3 potions of curing
 h - 2 potions of mutation
 l - 2 potions of brilliance
 r - 6 potions of magic
 u - a potion of resistance
 A - 5 potions of haste
 K - 5 potions of flight
 L - a potion of berserk rage
 O - 3 potions of might
Miscellaneous
 S - a lightning rod (4/4)
 Y - a fan of gales
Comestibles
 b - 35 rations


   Skills:
 + Level 11.8 Fighting
 + Level 11.8 Dodging
 * Level 8.1 Stealth
 + Level 16.3 Unarmed Combat
 - Level 6.9 Evocations


You had 15 spell levels left.
You didn't know any spells.
Your spell library was empty.

Dungeon Overview and Level Annotations

Branches:
Dungeon (15/15) Temple (0/1) D:7 Lair (6/6) D:8 Shoals (0/4) Lair:4 Spider (2/4) Lair:3 Slime (0/5) Lair:6 Orc (2/2) D:9 Elf (1/3) Orc:2 Vaults (0/5) D:13 D:14 Depths (0/5) D:15

Altars:
Dithmenos
Elyvilon
Fedhas
Hepliaklqana
Kikubaaqudgha
Ru
Sif Muna
Trog
Uskayaw
Vehumet
Xom
Yredelemnul
Zin
The Shining One
Jiyva

Shops:
D:4 [   Orc:2 =*[(*

Annotations:
D:3 2 transporters, Descartes's ghost, amateur VSTm
D:11 3 runed translucent doors, Zarkath's ghost, journeyman MfSk
Elf:1 exclusion: Roxanne, Roxanne


Innate Abilities, Weirdness & Mutations

You are too large for most types of armour.
You have claws for hands.
Your metabolism is lightning-fast.
You like to eat raw meat.
Your natural rate of healing is unusually fast.
You are covered in fur. (AC +1)
You have extremely tough skin. (AC +3)
You are partially covered in molten scales. (AC +2)
You are partially covered in slimy green scales. (AC +2)
You are partially covered in yellow scales. (AC +2)


Message History

You're too confused!
You bump into the rock wall.
You feel sick. The redback misses you.
You hear a loud "Zot"!
The wolf spider completely misses you. The wolf spider bites you!
* * * LOW HITPOINT WARNING * * *
The redback misses you.
Your magical effects are unravelling.
You feel magically purged.
Your magical contamination has completely faded away.
Your transformation has ended.
Your +0 cloak unmelds from your body.
Your +2 hat unmelds from your body.
The +5 robe of Misfortune {*Contam Harm *Corrode *Drain *Slow EV+5} unmelds from your body.
The ring "Yhazo" {rC+ rN+ Slay+3} unmelds from your body.
Your ring of poison resistance unmelds from your body.
You feel less confused.
You feel sick.
The jumping spider leaps!
The wolf spider completely misses you. The wolf spider closely misses you.
The redback bites you.
* * * LOW HITPOINT WARNING * * *
The wolf spider hits you!!
You die...

##...#.....#
###...s.# ...#
#......# # #...
##...(.# . .s(
# ...#.#.#
.#°.##.##
#..######
#......s. ###
##..s.....
#.ss....#
####@s#..##
##.sss.....#
#...ss°.#.##
##......###
##..#.....
#.......^.#
###..#.#.#... #
#..[s#######^
###.##..###...#


You could see 3 wolf spiders, 3 jumping spiders, 3 tarantellas and 3 redbacks.

Vanquished Creatures
  Kirke (D:15)
  A tengu reaver (D:14)
  A storm dragon (D:14)
  An orc warlord (Orc:2)
  2 emperor scorpions
  3 frost giants
  A deep elf high priest (D:14)
  Harold (D:8)
  9 hydras
  6 two-headed ogres
  4 centaur warriors
  A death knight (D:14)
  A dancing weapon (Elf:1)
  A vampire mage (D:15)
  3 orc high priests (Orc:2)
  A deep troll earth mage (D:13)
  2 skeletal warriors (D:15)
  A golden dragon zombie (D:15)
  A fire crab (shapeshifter) (D:13)
  A wizard (D:14)
  3 unseen horrors
  A deep elf archer (D:14)
  5 orc knights
  2 deep elf magi (Elf:1)
  A necromancer (D:15)
  2 orc sorcerers
  13 wolf spiders
  10 ugly things
  An oklob plant (Lair:4)
  9 orb spiders
  2 cyclopes
  2 manticores
  4 black mambas
  A merfolk siren (Lair:4)
  7 spiny frogs
  A torpor snail (Spider:1)
  2 gargoyles (D:14)
  2 centaur skeletons (D:14)
  5 rime drakes
  6 komodo dragons
  6 demonic crawlers
  A jumping spider (shapeshifter) (D:15)
  A meliai (shapeshifter) (D:13)
  3 meliai (D:14)
  A queen bee (Spider:2)
  8 polar bears (Lair:6)
  6 trolls
  7 hornets
  Grinder (D:4)
  Prince Ribbit (D:9)
  17 blink frogs
  24 jumping spiders
  7 slime creatures
  An ettin zombie (D:15)
  10 hippogriffs
  A meliai zombie (D:12)
  A fire dragon zombie (D:15)
  Sigmund (D:3)
  19 redbacks
  11 tarantellas
  A centaur simulacrum (D:14)
  4 shadows
  3 wraiths
  10 spriggans (Lair:6)
  A deep troll skeleton (D:15)
  A fire elemental (Lair:5)
  A wyvern (D:14)
  17 humans
  52 yaks
  4 basilisks
  2 fire bats (Lair:5)
  5 hogs
  4 vampire mosquitoes
  A steam dragon (D:10)
  2 hungry ghosts
  3 wargs
  2 soldier ants
  12 water moccasins
  3 porcupines
  39 orc warriors
  3 eyes of draining
  3 sky beasts
  4 ice beasts
  4 black bears
  A necrophage (D:7)
  19 wolves (Lair:6)
  6 boggarts
  7 centaurs
  6 ogres
  6 crocodiles
  17 bullfrogs
  2 big kobolds
  7 scorpions
  A wyvern skeleton (D:14)
  20 killer bees
  3 howler monkeys (D:12)
  6 crimson imps
  A lava snake (Lair:5)
  2 centaur zombies
  2 bullfrog zombies
  5 hounds
  7 jellies
  25 orc priests
  31 orc wizards
  Crazy Yiuf (D:4)
  3 bullfrog skeletons
  3 iguanas
  11 worker ants
  Ijyb (D:4)
  3 hound zombies (D:5)
  A hound skeleton (D:11)
  A howler monkey zombie (D:5)
  Robin (D:3)
  A worker ant zombie (D:5)
  6 gnolls
  13 adders
  5 shadow imps
  2 oozes
  2 adder zombies (D:5)
  An adder skeleton (D:5)
  4 worms
  5 leopard geckos
  79 orcs
  6 giant cockroaches
  12 goblins
  9 hobgoblins
  4 jackals (D:4)
  4 quokkas
  9 bats
  A frilled lizard (D:5)
  A jackal skeleton (D:9)
  12 kobolds
  A leopard gecko skeleton (D:5)
  2 leopard gecko zombies (D:5)
  6 rats
  A plant (Lair:4)
814 creatures vanquished.

Vanquished Creatures (collateral kills)
  An orc high priest (Orc:2)
  An orc sorcerer (Orc:2)
  An orc (Orc:2)
3 creatures vanquished.

Vanquished Creatures (others)
  A jumping spider (Spider:2)
  2 humans (D:15)
  A worker ant (D:14)
  An orc wizard (Orc:1)
  A jackal (D:1)
  6 fungi
  7 plants
19 creatures vanquished.

Grand Total: 836 creatures vanquished

Notes
Turn   | Place    | Note
-------+----------+-------------------------------------------
     0 | D:1      | Emblim88 the Troll Berserker began the quest for the Orb.
     0 | D:1      | Reached XP level 1. HP: 22/22 MP: 0/0
   142 | D:1      | Reached XP level 2. HP: 21/29 MP: 1/1
   866 | D:2      | Reached XP level 3. HP: 36/36 MP: 2/2
  1438 | D:3      | Noticed Robin
  1464 | D:3      | Reached skill level 4 in Unarmed Combat
  1478 | D:3      | Killed Robin
  1478 | D:3      | Reached XP level 4. HP: 37/44 MP: 3/3
  1505 | D:3      | Found a basalt altar of Yredelemnul.
  1507 | D:3      | Noticed Sigmund
  1509 | D:3      | Reached ** piety under Trog
  1521 | D:3      | Killed Sigmund
  1521 | D:3      | Reached skill level 5 in Unarmed Combat
  1521 | D:3      | Reached XP level 5. HP: 28/53 MP: 4/4
  1798 | D:3      | Found a transporter.
  1820 | D:3      | Found a transporter.
  1824 | D:3      | Noticed Descartes's ghost (amateur VSTm)
  1862 | D:3      | Found a shadowy altar of Dithmenos.
  1887 | D:3      | Reached XP level 6. HP: 54/61 MP: 5/5
  2146 | D:4      | Noticed Ijyb
  2156 | D:4      | Killed Ijyb
  2291 | D:4      | Found Qitreoluad's Antique Armour Shoppe.
  2322 | D:4      | Noticed Grinder
  2324 | D:4      | Paralysed by Grinder for 7 turns
  2336 | D:4      | Killed Grinder
  2336 | D:4      | Reached skill level 6 in Unarmed Combat
  2336 | D:4      | Reached XP level 7. HP: 68/68 MP: 6/6
  2437 | D:4      | Found a runed translucent door.
  2438 | D:4      | Noticed Crazy Yiuf
  2462 | D:4      | Found a deep blue altar of Sif Muna.
  2538 | D:4      | Found a white marble altar of Elyvilon.
  2686 | D:4      | Killed Crazy Yiuf
  2737 | D:4      | Gained mutation: Your magical capacity is low. (-10% MP)
                  | [potion of mutation]
  2737 | D:4      | Gained mutation: Scrolls take you a little longer to read.
                  | [potion of mutation]
  2737 | D:4      | Gained mutation: You are partially covered in yellow
                  | scales. (AC +2) [potion of mutation]
  2737 | D:4      | Gained mutation: You are agile. (Dex +2) [potion of
                  | mutation]
  2753 | D:5      | Entered Level 5 of the Dungeon
  2776 | D:5      | Reached *** piety under Trog
  3014 | D:5      | Reached skill level 7 in Unarmed Combat
  3103 | D:5      | Reached XP level 8. HP: 71/79 MP: 6/6
  3450 | D:5      | Found a hazy altar of Hepliaklqana.
  3450 | D:5      | Found a glowing silver altar of Zin.
  3450 | D:5      | Found a glowing golden altar of the Shining One.
  3586 | D:5      | Reached skill level 8 in Unarmed Combat
  4142 | D:6      | Reached skill level 5 in Fighting
  4142 | D:6      | Reached skill level 5 in Dodging
  4355 | D:6      | Found a sacrificial altar of Ru.
  4406 | D:6      | Reached **** piety under Trog
  4672 | D:6      | Found a blossoming altar of Fedhas.
  4674 | D:6      | Found a shimmering altar of Xom.
  4674 | D:6      | Found a hide-covered altar of Uskayaw.
  4676 | D:6      | Found a radiant altar of Vehumet.
  4676 | D:6      | Found a deep blue altar of Sif Muna.
  4676 | D:6      | Found a shimmering altar of Xom.
  4881 | D:7      | Reached XP level 9. HP: 88/88 MP: 7/7
  4891 | D:7      | Found an ancient bone altar of Kikubaaqudgha.
  4891 | D:7      | Found a staircase to the Ecumenical Temple.
  4942 | D:7      | Reached skill level 9 in Unarmed Combat
  5432 | D:7      | Found a bloodstained altar of Trog.
  5495 | D:7      | Lost mutation: Scrolls take you a little longer to read.
                  | [potion of mutation]
  5495 | D:7      | Lost mutation: Your magical capacity is low. (-10% MP)
                  | [potion of mutation]
  5495 | D:7      | Lost mutation: You are agile. (Dex +2) [potion of mutation]
  5495 | D:7      | Gained mutation: You are partially covered in molten
                  | scales. (AC +2) [potion of mutation]
  5495 | D:7      | Gained mutation: You are partially covered in slimy green
                  | scales. (AC +2) [potion of mutation]
  5501 | D:8      | Noticed Harold
  5514 | D:8      | Killed Harold
  5514 | D:8      | Reached skill level 1 in Evocations
  5663 | D:8      | Found a staircase to the Lair.
  5733 | D:8      | Reached skill level 10 in Unarmed Combat
  5877 | D:8      | Reached XP level 10. HP: 98/98 MP: 10/10
  6217 | D:9      | Reached ***** piety under Trog
  6429 | D:9      | Noticed Prince Ribbit
  6453 | D:9      | Killed Prince Ribbit
  6509 | D:9      | Received a gift from Trog
  6525 | D:9      | Reached skill level 11 in Unarmed Combat
  6656 | D:9      | Found a staircase to the Orcish Mines.
  6946 | D:10     | Entered Level 10 of the Dungeon
  7119 | D:10     | Noticed a two-headed ogre
  7125 | D:10     | Killed a two-headed ogre
  7201 | D:10     | Reached XP level 11. HP: 109/109 MP: 13/13
  8174 | D:11     | Found a gate leading to a gauntlet.
  8361 | D:11     | Found the +5 robe of Misfortune {*Contam Harm *Corrode
                  | *Drain *Slow EV+5}
  8651 | D:11     | Noticed Zarkath's ghost (journeyman MfSk)
  8677 | D:11     | Found a runed translucent gate.
  8678 | D:11     | Found a runed translucent gate.
  8679 | D:11     | Found a runed translucent gate.
  8691 | D:11     | Reached skill level 12 in Unarmed Combat
  8702 | D:11     | Noticed a cyan ugly thing
  8706 | D:11     | Killed a cyan ugly thing
  9404 | D:12     | Noticed a two-headed ogre
  9412 | D:12     | Killed a two-headed ogre
  9595 | D:12     | Noticed a white ugly thing
  9600 | D:12     | Killed a white ugly thing
  9600 | D:12     | Reached skill level 5 in Evocations
  9650 | D:12     | Killed an unseen horror
  9897 | D:12     | Reached skill level 13 in Unarmed Combat
  9897 | D:12     | Reached XP level 12. HP: 119/119 MP: 14/14
 10405 | Lair:1   | Entered Level 1 of the Lair of Beasts
 10610 | Lair:1   | Noticed a four-headed hydra
 10621 | Lair:1   | Killed a six-headed hydra
 11560 | Lair:2   | Noticed a five-headed hydra
 11566 | Lair:2   | Killed a six-headed hydra
 12197 | Lair:3   | Found a hole to the Spider Nest.
 12204 | Lair:3   | Noticed a four-headed hydra
 12214 | Lair:3   | Killed an eight-headed hydra
 12214 | Lair:3   | Reached skill level 14 in Unarmed Combat
 12272 | Lair:3   | Noticed a seven-headed hydra
 12516 | Lair:3   | Received a gift from Trog
 13114 | Lair:4   | Reached XP level 13. HP: 111/131 MP: 16/16
 13116 | Lair:4   | Found a staircase to the Shoals.
 14303 | Lair:5   | Identified a scroll of acquirement
 14306 | Lair:5   | Got a crude marble ring
 14308 | Lair:5   | Identified the ring of Utitt {rC+ Dex+4 Stlth+} (You
                  | acquired it on level 5 of the Lair of Beasts)
 14670 | Lair:6   | Entered Level 6 of the Lair of Beasts
 14749 | Lair:6   | Reached skill level 1 in Stealth
 15230 | Lair:6   | Reached ****** piety under Trog
 15230 | Lair:6   | Reached skill level 10 in Dodging
 15285 | Lair:6   | Got a slimy pewter ring
 15297 | Lair:6   | Received a gift from Trog
 15317 | Lair:6   | Reached skill level 10 in Fighting
 15340 | Lair:6   | Paralysed by a hornet for 3 turns
 15472 | Lair:6   | Found a staircase to the Slime Pits.
 15472 | Lair:6   | Found a viscous altar of Jiyva.
 15511 | Lair:6   | Identified the ring of Xom's Bemusement {+Fly Dex+3 SInv}
                  | (You found it on level 6 of the Lair of Beasts)
 16392 | Orc:1    | Entered Level 1 of the Orcish Mines
 16407 | Orc:1    | Reached XP level 14. HP: 143/143 MP: 18/18
 16891 | Orc:1    | Found a bloodstained altar of Trog.
 16976 | Orc:2    | Entered Level 2 of the Orcish Mines
 17011 | Orc:2    | Noticed an orc warlord
 17034 | Orc:2    | HP: 2/143 [orc knight/+0 great mace (16)]
 17312 | Orc:2    | Killed an orc warlord
 17312 | Orc:2    | Reached skill level 15 in Unarmed Combat
 17360 | Orc:2    | Paralysed by an orc sorcerer for 6 turns
 17380 | Orc:1    | Received a gift from Trog
 18079 | Orc:2    | Found a staircase to the Elven Halls.
 18234 | Orc:2    | Found Atypsu's General Store.
 18237 | Orc:2    | Received a gift from Trog
 18281 | Orc:2    | Bought a scroll of identify for 32 gold pieces
 18470 | Orc:2    | Found Akleudonwu's General Store.
 18471 | Orc:2    | Found Ylioj's Jewellery Boutique.
 18472 | Orc:2    | Found Egoh's Antique Armour Boutique.
 18472 | Orc:2    | Found Wemmaom's Antique Weapon Shop.
 18488 | Orc:2    | Bought the amulet "Abludenat" {*Contam rElec Regen+ Str+4}
                  | for 748 gold pieces
 18846 | Elf:1    | Entered Level 1 of the Elven Halls
 18932 | Elf:1    | Noticed Roxanne
 19402 | D:13     | Reached skill level 5 in Stealth
 19500 | D:13     | Noticed a frost giant
 19508 | D:13     | Killed a frost giant
 19538 | D:13     | Got a slimy wooden ring
 19908 | D:13     | You fall through a shaft!
 20084 | D:14     | Found a gate to the Vaults.
 20320 | D:13     | Received a gift from Trog
 20360 | D:13     | Reached XP level 15. HP: 129/152 MP: 7/19
 20915 | D:14     | Noticed a frost giant
 20915 | D:14     | Noticed a storm dragon
 20931 | D:14     | Killed a storm dragon
 20934 | D:14     | Killed a frost giant
 20968 | D:14     | Noticed a tengu reaver
 20983 | D:14     | Killed a tengu reaver
 21105 | D:14     | Found the +5 scythe "Finisher" {speed, eviscerate}
 21188 | D:14     | Noticed a frost giant
 21212 | D:14     | Killed a frost giant
 21712 | D:14     | Identified the ring "Yhazo" {rC+ rN+ Slay+3} (You found it
                  | on level 13 of the Dungeon)
 21724 | D:15     | Entered Level 15 of the Dungeon
 21766 | D:15     | Noticed Kirke
 21777 | D:15     | Killed Kirke
 21777 | D:15     | Received a gift from Trog
 21966 | D:15     | Found a staircase to the Depths.
 22866 | Spider:1 | Entered Level 1 of the Spider Nest
 22867 | Spider:1 | Reached skill level 16 in Unarmed Combat
 23187 | Orc:2    | Bought an uncursed ring of poison resistance for 240 gold
                  | pieces
 23654 | Spider:1 | Received a gift from Trog
 23786 | Spider:1 | Reached XP level 16. HP: 92/165 MP: 20/20
 24773 | Spider:2 | Slain by a wolf spider

Skill      XL: |  1  2  3  4  5  6  7  8  9 10 11 12 13 14 15 16 |
---------------+-------------------------------------------------+-----
Unarmed Combat | 4 5 6 7 8 10 11 13 14 15 16 | 16.3
Dodging        | 3 4 5 6 7 8 9 10 11 | 11.8
Fighting       | 3 4 5 6 7 8 9 10 11 | 11.8
Evocations     | 2 4 5 6 |  6.9
Stealth        | 3 5 7 8 |  8.1

Action                   |  1- 3 |  4- 6 |  7- 9 | 10-12 | 13-15 | 16-18 || total
-------------------------+-------+-------+-------+-------+-------+-------++-------
Melee: Unarmed           |    88 |   105 |   288 |   494 |   963 |    87 ||  2025
       Punch             |       |     2 |     5 |    23 |    92 |     8 ||   130
       Giant spiked club |       |       |       |       |     2 |       ||     2
       Scythe            |       |       |       |       |    19 |       ||    19
 Fire: Longbow           |       |       |       |    83 |    62 |    18 ||   163
Invok: Berserk           |     1 |     2 |     3 |    11 |    22 |     1 ||    40
       Brothers in Arms  |       |       |       |       |     2 |       ||     2
       Trog's Hand       |       |       |       |       |     4 |       ||     4
Evoke: Wand              |       |       |     1 |     8 |    12 |     3 ||    24
  Use: Scroll            |       |       |    11 |    10 |     9 |     3 ||    33
       Potion            |       |       |     6 |       |     5 |     6 ||    17
 Stab: Sleeping          |     1 |       |     1 |       |    11 |       ||    13
       Confused          |       |       |     2 |       |       |       ||     2
       Distracted        |       |       |       |       |     3 |       ||     3
  Eat: Chunk             |    15 |    10 |    30 |    81 |    84 |    18 ||   238
       Ration            |     1 |       |       |     1 |     8 |       ||    10
Armor: Animal skin       |    22 |    61 |    74 |    75 |       |       ||   232
       Robe              |       |       |       |    72 |   309 |    60 ||   441
Dodge: Dodged            |    29 |   101 |   168 |   345 |   980 |   179 ||  1802
Block: Other             |       |       |       |    12 |    47 |       ||    59
       Reflection        |       |       |       |       |     3 |       ||     3
